AoeStats
← 魏武之风

MegaRandom

506069211Analyzed
2v2 RM · 21d ago on Sep 12, 2026· 18m 35s· 4 players
Game mode
Random Map
Map size
Medium (4 player)
Population
200
Speed
Normal
Resources
Standard
Victory
Conquest
Starting age
Dark Age
Ending age
Imperial Age
RankedLock teamsTeams togetherTeam positionsShared explorationLock speedFull tech treeHidden civsTurbo modeCheats
Victory
Defeat
🇨🇳 Britons · China
960
+16
🇦🇷 Malay · Argentina
902
+18
🇨🇳 Japanese · China
963
-17
🇨🇳 Wei · China
959
-17
小熊熊
7:15 Loom
10:03 Feudal Age
12:25 Horse Collar
16:02 Castle Age
15:42 Fletching
16:52 Bodkin Arrow
17:27 Crossbowman
tomaslarias
1:50 Loom
11:31 Feudal Age
14:00 Stone Mining
18:31 Castle Age
17:00 Gold Mining
怪味胡豆妹儿
1:41 Loom
11:10 Feudal Age
15:18 Castle Age
14:06 Town Watch
魏武之风
0:27 Loom
9:41 Feudal Age
11:12 Double-Bit Axe
11:11 Horse Collar
14:49 Gold Mining
14:52 Stone Mining
Connection lost

Rejoining the realm…

Still unreachable

The connection could not be restored.

Session expired

The server has moved on; the page needs a fresh start.